 Dungeon Crawl Stone Soup version 0.18-a0-23-g19353e1 (webtiles) character file.

487 Raultor the Covert (level 6, -5/44 HPs)
             Began as a Vampire Assassin on Nov 2, 2015.
             Slain by an ogre
             ... wielding a +0 giant club
              (24 damage)
             ... on level 4 of the Dungeon.
             The game lasted 00:17:05 (3681 turns).

Raultor the Covert (Vampire Assassin)               Turns: 3681, Time: 00:17:06

Health: -5/44      AC:  7    Str: 10    XL:     6   Next: 89%
Magic:  6/6        EV: 11    Int: 16    God:
Gold:   65         SH:  0    Dex: 15    Spells: 0 memorised, 5 levels left

rFire  + . .     SeeInvis +     E - +0 rapier (curse)
rCold  x . .     Clarity  .     z - +1 leather armour {MR+}
rNeg   . . .     SustAt   .     (no shield)
rPois  .         Gourm    .     (no helmet)
rElec  .         Spirit   .     d - +0 cloak
rCorr  .         Warding  .     p - +0 pair of gloves
rMut   .         Stasis   .     t - +0 pair of boots
MR     +....                    (no amulet)
Stlth  ++++++....               (no ring)
                                i - ring of fire

@: regenerating quickly, somewhat resistant to hostile enchantments, very
stealthy
A: fangs 3, see invisible, unbreathing
a: no special abilities


You were on level 4 of the Dungeon.
You were very full.

You visited 1 branch of the dungeon, and saw 4 of its levels.

You collected 205 gold pieces.
You spent 140 gold pieces at shops.

Inventory:

Hand Weapons
 a - a +0 dagger of draining
 b - a +0 blowgun
 l - a +2 dagger
 E - a cursed +0 rapier (weapon)
Missiles
 e - 25 poisoned needles
 f - 2 curare-tipped needles
Armour
 c - a +0 robe
 d - a +0 cloak (worn)
 j - a +0 robe
 p - a +0 pair of gloves (worn)
 t - a +0 pair of boots (worn)
 z - a +1 leather armour of magic resistance (worn)
 D - a +1 leather armour of positive energy
Jewellery
 i - a ring of fire (left hand)
 w - a cursed ring of poison resistance {unknown}
Wands
 k - a wand of flame (16)
Scrolls
 h - a scroll of fog {unknown}
 o - 2 scrolls of identify
 r - 2 scrolls of magic mapping
 u - a scroll of enchant armour {unknown}
 v - a scroll of immolation {unknown}
 x - a scroll of blinking {unknown}
 y - a scroll of teleportation
 A - 2 scrolls of random uselessness {unknown}
 B - a scroll of remove curse
 C - a scroll of recharging {unknown}
Potions
 g - 15 potions of blood
 m - 2 potions of curing
 n - a potion of agility {unknown}
 q - a potion of brilliance {unknown}
 s - 2 potions of poison {unknown}


   Skills:
 - Level 1.7 Fighting
 - Level 2.1 Short Blades
 - Level 1.5 Throwing
 - Level 1.1 Dodging
 + Level 12.3 Stealth


You had 5 spell levels left.
You didn't know any spells.

Dungeon Overview and Level Annotations

Branches:
Dungeon (4/15)
 Temple: D:4-7

Altars:
Okawaru

Shops:
D:4 [


Innate Abilities, Weirdness & Mutations

Your natural rate of healing is unusually fast.
You have razor-sharp teeth.
You have supernaturally acute eyesight.
You can survive without breathing.


Message History

The ogre is moderately wounded.
The ogre completely misses you.
You hit the ogre.
The ogre is moderately wounded.
The ogre hits you with a giant club!!
Ouch! That really hurt!
* * * LOW HITPOINT WARNING * * *
Sorry, you're too full to transform right now.
You can't unwield your weapon to draw a new one!
Read which item? (? for menu, Esc to quit)
Okay, then.
Drink which item? (? for menu, Esc to quit)
It was a potion of curing.
You feel better. The ogre closely misses you.
You completely miss the ogre.
The ogre is moderately wounded.
You hit the ogre. You bite the ogre.
The ogre is heavily wounded.
The ogre hits you with a giant club!!
Ouch! That really hurt!
You die...

#.## .# #.......# #... .#
#.......# #### .#
#....:..######### #.. .#
#...............# #.# .#.#
##...............# ######.#
.#.# #...........>....#
........ .#.#
#.....%..........# ........
.#.# #.........(@O....#
.......< .#.#
#......#...................#
.#.#
####.....#########....####.#
.#.#.####.....# . #.#
.#.#..........# ..#
...######.....# #.#
.>..........#.# #.#
............#.# #.#
#############.# #


You could see an ogre.

Vanquished Creatures
  A necrophage (D:3)
  3 orc wizards
  3 orc priests (D:4)
  An iguana (D:4)
  Robin (D:3)
  2 river rats (D:3)
  3 adders
  An ooze (D:2)
  A worm (D:3)
  6 giant geckos
  14 orcs
  6 giant cockroaches
  15 goblins
  14 hobgoblins
  9 jackals (D:3)
  15 kobolds
  3 quokkas
  A ball python (D:1)
  2 bats (D:1)
  5 giant newts
  A quokka skeleton (D:4)
  6 rats
113 creatures vanquished.

Notes
Turn   | Place    | Note
--------------------------------------------------------------
     0 | D:1      | Raultor the Vampire Assassin began the quest for the Orb.
     0 | D:1      | Reached XP level 1. HP: 16/16 MP: 1/1
     5 | D:1      | Reached skill level 6 in Stealth
   139 | D:1      | Reached XP level 2. HP: 16/22 MP: 2/2
   577 | D:1      | Reached skill level 7 in Stealth
   917 | D:2      | Reached XP level 3. HP: 23/27 MP: 3/3
  1128 | D:2      | Reached skill level 8 in Stealth
  1251 | D:3      | Noticed Robin
  1307 | D:3      | Killed Robin
  1307 | D:3      | Reached XP level 4. HP: 31/33 MP: 4/4
  1658 | D:3      | Found an iron altar of Okawaru.
  1761 | D:3      | Reached skill level 9 in Stealth
  1783 | D:3      | Noticed a necrophage
  1813 | D:3      | Killed a necrophage
  1813 | D:3      | Reached skill level 10 in Stealth
  1813 | D:3      | Reached XP level 5. HP: 11/38 MP: 5/5
  2323 | D:3      | Reached skill level 11 in Stealth
  2323 | D:3      | Reached XP level 6. HP: 44/44 MP: 6/6
  2741 | D:4      | Found Wughaox's Armour Emporium.
  2746 | D:4      | Bought a +1 leather armour of magic resistance for 140 gold pieces
  3115 | D:4      | HP: 2/44 [orc priest/divine providence (10)]
  3598 | D:4      | Reached skill level 12 in Stealth
  3681 | D:4      | Slain by an ogre

Vault maps used:
D:1:      dpeg_arrival_ternary, minmay_misc_feat_iff
D:3:      gup_sewer_entry_spiral, serial_forest, infiniplex_forest_lined_3_way,
          infiniplex_forest_corner_2, infiniplex_forest_lined_3,
          infiniplex_forest_straight_4, infiniplex_forest_zigzag_1,
          infiniplex_forest_clump_medium, infiniplex_forest_clump_small,
          infiniplex_forest_corner_1, infiniplex_forest_corner_1,
          okawaru_gym_becter, uniq_robin
D:4:      minmay_temple_entry_fiery, serial_shops, nicolae_shop_trees,
          minmay_misc_feat_alley

Action                   |  1- 3 |  4- 6 || total
-------------------------+-------+-------++-------
Melee: Dagger            |   122 |   223 ||   345
       Rapier            |       |     5 ||     5
 Fire: Blowgun           |     7 |    24 ||    31
  Use: Scroll            |       |     4 ||     4
       Potion            |       |    11 ||    11
 Stab: Sleeping          |    11 |    11 ||    22
       Distracted        |     2 |     3 ||     5
  Eat: Corpse            |       |     3 ||     3
